Map: Cerulean Fall LE

Players

Zest - Winner!

  • Race: Protoss Protoss
  • League: Master
  • Spawn Location: 1:00

liquidthermy (uThermal)

  • Race: Terran Terran
  • League: Master
  • Spawn Location: 7:00

Event: HomeStory Cup XVIII

VOD

Have the link to the VOD?

Description

Time

  • Played on: Nov. 25, 2018, 10:30 a.m.
  • Length: 9:10

All games in this series

Show
View Real Time Build Order
Export as new Build Order

Zest Protoss - Winner!

Build Orders: 1 Gate Expand, Blink Stalkers 

Get SALT Encoding   

  12  0:01  Probe  
  13  0:13  Probe  
  14  0:18  Pylon  
  14  0:24  Probe  
  15  0:32  Probe  
  15  0:37  Gateway  
  15  0:40  Probe  
  16  0:46  Assimilator  
  17  0:51  Probe  
  18  1:03  Probe  
  19  1:15  Probe  
  20  1:24  Cybernetics Core  
  20  1:33  Nexus  
  20  1:36  Probe  
  21  1:42  Pylon  
  21  1:48  Probe  
  21  1:50  Assimilator  
  21  1:52  Adept  
  22  2:00  Probe  
  25  2:04  Warp Gate  
  25  2:09  Stalker  
  25  2:13  Probe  
  28  2:28  Probe  
  28  2:34  Twilight Council, Stalker  
  28  2:40  Probe  
  31  2:48  Probe  
  32  2:52  Probe  
  32  2:56  Stalker  
  33  3:00  Probe  
  33  3:04  Probe  
  37  3:10  Blink  
  37  3:14  Probe  
  37  3:16  Probe  
  39  3:25  Gateway  
  39  3:27  Stalker  
  39  3:33  Probe  
  39  3:34  Probe  
  43  3:40  Pylon  
  43  3:48  Probe  
  42  3:53  Probe  
  43  3:58  Gateway  
  43  4:00  Probe  
  43  4:01  Robotics Facility  
  42  4:05  Probe  
  42  4:07  Stalker  
  43  4:12  Shield Battery, Probe  
  43  4:17  Shield Battery  
  44  4:18  Probe  
  45  4:24  Probe  
  45  4:28  Stalker  
  45  4:31  Stalker  
  48  4:38  Probe x2  
  47  4:43  Assimilator  
  45  4:53  Probe  
  45  4:55  Nexus  
  46  5:04  Probe  
  46  5:05  Stalker x2  
  51  5:07  Probe  
  51  5:12  Observer  
  50  5:25  Probe  
  50  5:26  Probe  
  49  5:31  Stalker  
  49  5:33  Stalker  
  53  5:37  Probe  
  53  5:40  Pylon  
  54  5:55  Forge  
  54  5:57  Forge  
  54  5:58  Warp Prism, Probe x2  
  58  6:10  Probe x2  
  60  6:13  Probe  
  60  6:16  Stalker x2  
  60  6:18  Probe x2  
  65  6:19  Pylon  
  65  6:21  Probe  
  65  6:25  Charge  
  68  6:26  Probe x2  
  68  6:31  Probe  
  68  6:32  Protoss Ground Armor Level 1, Protoss Ground Weapons Level 1  
  70  6:33  Pylon  
  70  6:34  Observer  
  70  6:37  Probe  
  73  6:44  Probe x2  
  74  6:52  Gateway  
  74  6:53  Gateway  
  74  6:56  Gateway  
  74  7:04  Gateway  
  74  7:06  Adept  
  74  7:07  Adept x2  
  80  7:13  Pylon, Gateway  
  80  7:16  Pylon  
  80  7:18  Observer  
  80  7:21  Pylon  
  80  7:22  Probe x3  
  83  7:23  Observer  
  84  7:40  Immortal  
  84  7:42  Probe  
  84  7:43  Pylon, Probe x2  
  91  7:56  Zealot x5, Sentry  
  103  8:19  Immortal  
  107  8:20  Zealot  
  107  8:21  Zealot x7  
  107  8:22  Templar Archives  
  107  8:24  Pylon  
  123  8:29  Observer  
  123  8:35  Pylon  
  123  8:36  Assimilator  
  123  8:40  Assimilator  
  121  8:52  Zealot x3  
  121  8:53  Zealot x3  
  121  8:54  Zealot  
  121  8:55  Zealot  
Show
View Real Time Build Order
Export as new Build Order

liquidthermy Terran 

Build Orders: Gas First Reaper Expand, Liberator Opening, Reaper Expand 

Get SALT Encoding   

  12  0:01  SCV  
  13  0:13  SCV  
  14  0:17  Supply Depot  
  14  0:25  SCV  
  14  0:28  Refinery  
  15  0:38  SCV  
  16  0:44  Barracks  
  16  0:50  SCV  
  17  1:03  SCV  
  18  1:15  SCV  
  19  1:30  Reaper  
  19  1:31  Orbital Command  
  20  1:46  Command Center  
  20  1:56  SCV  
  20  2:01  Factory  
  21  2:05  Barracks Reactor  
  21  2:09  SCV  
  21  2:14  Supply Depot  
  22  2:24  Refinery  
  22  2:27  SCV  
  23  2:39  SCV  
  24  2:47  Starport  
  24  2:50  Hellion  
  24  2:51  Supply Depot  
  25  2:52  Hellion  
  25  2:56  SCV  
  27  3:07  Liberator  
  27  3:12  Hellion, SCV  
  30  3:14  Hellion  
  35  3:28  Supply Depot  
  35  3:33  Hellion  
  37  3:36  Hellion  
  39  3:46  SCV  
  37  3:55  Hellion  
  38  3:58  SCV  
  38  4:02  Orbital Command  
  36  4:05  Liberator  
  36  4:09  Hellion  
  34  4:10  SCV  
  34  4:16  Hellion  
  38  4:24  SCV  
  38  4:30  Hellion  
  41  4:32  SCV  
  38  4:38  SCV  
  38  4:44  Barracks Tech Lab  
  36  4:46  SCV  
  36  4:50  Bunker, SCV  
  38  4:58  SCV  
  39  5:07  SCV  
  39  5:08  Marine x2, Siege Tank  
  39  5:10  SCV  
  46  5:19  SCV  
  43  5:22  SCV  
  40  5:29  Marine x2  
  40  5:31  SCV  
  40  5:35  SCV  
  44  5:39  Barracks  
  44  5:40  Barracks  
  44  5:42  Siege Tank  
  47  5:43  SCV  
  47  5:47  Marine, SCV  
  50  5:50  Engineering Bay  
  50  5:52  Marine  
  50  5:54  Orbital Command  
  50  5:55  SCV  
  50  5:56  Supply Depot  
  53  6:05  Marine  
  53  6:07  SCV  
  53  6:10  Marine  
  53  6:14  Siege Tank  
  55  6:20  SCV  
  55  6:22  SCV  
  57  6:28  Barracks Tech Lab x2  
  57  6:31  Starport Reactor  
  57  6:32  Engineering Bay, Marine, SCV  
  58  6:33  Marine  
  60  6:40  Supply Depot, SCV  
  60  6:45  SCV  
  60  6:46  Siege Tank  
  62  6:48  Stimpack  
  62  6:54  Refinery  
  62  7:01  Marine x4, Terran Infantry Weapons Level 1, SCV x2  
  62  7:03  Supply Depot  
  68  7:10  Supply Depot, Medivac  
  68  7:15  Combat Shield  
  70  7:22  Supply Depot  
  70  7:25  Marine x4, SCV  
  70  7:26  SCV  
  70  7:29  Supply Depot  
  75  7:37  SCV  
  75  7:39  SCV  
  75  7:43  Marine x3, Marauder  
  82  7:44  Refinery  
  82  7:46  Siege Tank  
  85  7:54  Supply Depot  
  85  7:58  Medivac  
  85  8:00  Marine x2  
  85  8:05  Marauder  
  91  8:10  SCV x2  
  91  8:11  Marine  
  92  8:18  Missile Turret  
  92  8:19  Marauder, Barracks  
  94  8:20  Barracks  
  94  8:21  Siege Tank  
  94  8:22  Marine  
  94  8:24  SCV  
  94  8:26  Marine  
  100  8:34  Marine  
  98  8:38  Medivac  
  98  8:40  Marauder  
  104  8:42  Marine  
  104  8:44  Marauder  
  107  8:50  SCV  
  107  8:51  Marine  
  107  8:52  Supply Depot  
Tags
 
Add a new tag
Caveats
  • Supply blocks, unpowered buildings, or Contaminate may cause inaccurate times.
  • Supply counts are checked every 10 seconds.